 Dungeon Crawl Stone Soup version 0.31-a0-977-gc230f8ef24 (webtiles) character file.

Game seed: 11912943339253319512

587 Dordric the Carver (level 7, -1/51 HPs)
             Began as a Barachi Warper on Oct 30, 2023.
             Was a Follower of Cheibriados.
             Slain by a water moccasin (2 damage)
             ... on level 6 of the Dungeon.
             The game lasted 00:11:20 (5476 turns).

Dordric the Carver (Barachi Warper)                 Turns: 5476, Time: 00:11:21

Health: -1/51      AC: 11    Str: 19    XL:     7   Next: 38%
Magic:  7/10       EV: 12    Int: 19    God:    Cheibriados [*.....]
Gold:   53         SH:  0    Dex: 19    Spells: 4/10 levels left

rFire   . . .        C - +1 scimitar "Offohem" {heavy, Fly}
rCold   . . .        (no shield)
rNeg    . . .        t - +4 robe of Augmentation {Str+4 Int+4 Dex+4}
rPois   .            y - +1 helmet {SInv}
rElec   .            (no cloak)
rCorr   .            q - +2 pair of gloves
SInv    +            (no boots)
Will    .....        (no amulet)
Stlth   ++           (no ring)
HPRegen 0.28/turn    (no ring)
MPRegen 0.12/turn

%: no passive effects
@: unable to hop, flying, very slow
A: amphibious, slowness 1, strong legs 1, +LOS
a: Hop, Renounce Religion, Bend Time


You were on level 6 of the Dungeon.
You worshipped Cheibriados.
Cheibriados was aware of your devotion.
You visited 2 branches of the dungeon, and saw 7 of its levels.

You collected 251 gold pieces.
You spent 198 gold pieces at shops.

Inventory:

Hand Weapons
 a - a +0 falchion
 f - a +0 sling
 C - the +1 scimitar "Offohem" (weapon) {heavy, Fly}
   (You bought it in a shop on level 4 of the Dungeon)

   Fly:       It grants you flight.
Missiles
 d - 4 darts of dispersal (quivered)
 e - 8 poisoned darts
 g - 4 atropa-tipped darts
 m - 3 curare-tipped darts
Armour
 q - a +2 pair of gloves (worn)
 r - a +2 helmet
 t - the +4 robe of Augmentation (worn) {Str+4 Int+4 Dex+4}
   (You found it on level 3 of the Dungeon)

   Str+4:     It affects your strength (+4).
   Int+4:     It affects your intelligence (+4).
   Dex+4:     It affects your dexterity (+4).
 y - a +1 helmet of see invisible (worn)
Jewellery
 u - a ring of ice
Wands
 A - a wand of paralysis (7)
Scrolls
 b - a scroll of immolation {unknown}
 c - a scroll of blinking
 h - 2 scrolls of identify {unknown}
 n - a scroll of revelation {unknown}
 s - 2 scrolls of teleportation {unknown}
 w - a scroll of summoning {unknown}
 x - a scroll of brand weapon {unknown}
 z - 2 scrolls of fog {unknown}
 B - a scroll of vulnerability {unknown}
Potions
 i - a potion of degeneration {unknown}
 j - a potion of brilliance {unknown}
 k - 2 potions of enlightenment {unknown}
 l - 3 potions of lignification {unknown}
 o - a potion of ambrosia {unknown}
 p - 3 potions of might {unknown}
 v - a potion of magic {unknown}
 D - a potion of attraction {unknown}


   Skills:
 - Level 2.4 Fighting
 + Level 9.5 Long Blades
 - Level 1.0 Throwing
 - Level 1.2 Armour
 - Level 2.1 Dodging
 - Level 2.1 Spellcasting
 - Level 3.2 Translocations


You had 4 spell levels left.
You knew the following spells:

 Your Spells              Type           Power      Damage    Failure   Level
a - Blink                 Tloc           28%        N/A       6%          2
b - Manifold Assault      Tloc           14%        N/A       38%         4

Your spell library contained the following spells:

 Spells                   Type           Power      Damage    Failure   Level
 Apportation              Tloc           28%        N/A       4%          1
 Lesser Beckoning         Tloc           28%        N/A       6%          2
 Teleport Other           Tloc           14%        N/A       13%         3
 Ensorcelled Hibernation  Hex/Ice        4%         N/A       26%         2
 Jinxbite                 Hex            4%         N/A       26%         2
 Passwall                 Tmut/Erth      1%         N/A       26%         2
 Swiftness                Air            2%         N/A       45%         3
 Vhi's Electric Charge    Tloc/Air       16%        N/A       63%         4
 Alistair's Intoxication  Tmut/Pois      1%         N/A       99%         5


Dungeon Overview and Level Annotations

Branches:
Dungeon (6/15)             Temple (1/1) D:4

Altars:
Ashenzari
Cheibriados
Elyvilon
Fedhas
Gozag
Hepliaklqana
Kikubaaqudgha
Makhleb
Nemelex Xobeh
Okawaru
Qazlal
Ru
Sif Muna
Trog
Uskayaw
Vehumet
Wu Jian
Xom
Yredelemnul
Zin
The Shining One

Shops:
D:4 (   D:5 :

Annotations:
D:6 1 runed translucent door, Xavori's ghost, novice DjCK


Innate Abilities, Weirdness & Mutations

You are amphibious.
You cover ground slowly.
You can hop short distances.
You have an extended range of vision and can be seen from far away.


Message History

The bullfrog closely misses you. The bullfrog hits you.
The bullfrog misses you.
The sentinel's mark upon you fades away.
The bullfrog completely misses you. The bullfrog barely misses you.
The bullfrog hits you.
The bullfrog hits you but does no damage.
The bullfrog hits you but does no damage.
Xavori's ghost turns its malevolent gaze towards you.
The bullfrog hits you but does no damage.
The bullfrog attacks as it pursues you! The bullfrog barely misses you.
The bullfrog closely misses you. The bullfrog attacks as it pursues you!
The bullfrog misses you.
The bullfrog hits you but does no damage.
The yak attacks as it pursues you! The yak gores you!
The yak attacks as it pursues you! The yak gores you but does no damage.
The bullfrog completely misses you. The yak gores you but does no damage.
The bullfrog hits you. The yak attacks as it pursues you!
The yak barely misses you. The bullfrog hits you.
The yak attacks as it pursues you! The yak closely misses you.
The yak attacks as it pursues you! The yak barely misses you.
The bullfrog hits you but does no damage.
The yak gores you!
* * * LOW HITPOINT WARNING * * *
The bullfrog attacks as it pursues you! The bullfrog hits you.
* * * LOW HITPOINT WARNING * * *
The bullfrog closely misses you.
The bullfrog hits you but does no damage.
The water moccasin barely misses you. The yak gores you but does no damage.
The bullfrog hits you but does no damage.
The yak gores you but does no damage.
There is a stone staircase leading up here.
The flow of time bends around you.
The water moccasin resists with some effort.
Cheibriados rebukes the bullfrog.
The bullfrog seems to slow down.
The yak resists with some effort. x2
The water moccasin bites you.
You die...

##########
#.#####.S@.....#######..
#.......FYY5...)).......
#..####.YY.....####.....
#..###..Y.....# .#
#.#....5#..###
#..........#
#..........#
#..........###
#............# #


You could see 5 yaks, a water moccasin, a bullfrog (slow), a white imp and an
ufetubus.

Vanquished Creatures
  A black bear (D:5)
  An ogre (D:4)
  A scorpion (D:6)
  A crimson imp (D:3)
  A jelly (D:4)
  2 iguanas
  Ijyb (D:5)
  Robin (D:2)
  3 gnolls (D:6)
  5 adders
  A shadow imp (D:5)
  3 ufetubi
  A worm (D:2)
  3 dart slugs
  6 orcs
  6 ball pythons
  3 endoplasms (D:2)
  A giant cockroach (D:1)
  17 goblins
  12 hobgoblins
  9 jackals
  2 quokkas
  4 bats
  4 frilled lizards
  2 goblin skeletons (D:3)
  2 hobgoblin zombies (D:3)
  2 kobolds
  2 kobold skeletons (D:3)
  A kobold zombie (D:3)
  An orc skeleton (D:3)
  An orc zombie (D:3)
  A rat (D:1)
101 creatures vanquished.

Notes
Turn   | Place    | Note
-------+----------+-------------------------------------------
     0 | D:1      | Dordric the Barachi Warper began the quest for the Orb.
     0 | D:1      | Reached XP level 1. HP: 17/17 MP: 3/3
   189 | D:1      | Reached skill level 3 in Long Blades
   272 | D:1      | Reached XP level 2. HP: 21/23 MP: 5/5
   476 | D:1      | Reached skill level 4 in Long Blades
  1084 | D:2      | Reached XP level 3. HP: 17/28 MP: 6/6
  2015 | D:3      | Reached skill level 5 in Long Blades
  2015 | D:3      | Reached XP level 4. HP: 27/34 MP: 7/7
  2135 | D:3      | Noticed Robin
  2236 | D:2      | Killed Robin
  2474 | D:3      | Found a glowing golden altar of the Shining One.
  2505 | D:3      | Reached skill level 6 in Long Blades
  2505 | D:3      | Reached XP level 5. HP: 36/39 MP: 8/8
  2646 | D:3      | Found the +4 robe of Augmentation {Str+4 Int+4 Dex+4}
  2811 | D:4      | Noticed an ogre
  2847 | D:3      | Learned a level 2 spell: Blink
  2852 | D:3      | Learned a level 4 spell: Manifold Assault
  2890 | D:4      | Killed an ogre
  2891 | D:4      | Reached skill level 7 in Long Blades
  2891 | D:4      | Reached XP level 6. HP: 44/46 MP: 9/9
  2932 | D:4      | Found a staircase to the Ecumenical Temple.
  2944 | Temple   | Entered the Ecumenical Temple
  3212 | Temple   | Became a worshipper of Cheibriados the Contemplative
  3495 | D:4      | Identified the +10 spear of Supply {flame, rC+ rN+}
  3671 | D:4      | Found Oweijaod's Antique Weapon Emporium.
  3742 | D:5      | Entered Level 5 of the Dungeon
  3845 | D:5      | Noticed a black bear
  3855 | D:5      | Killed a black bear
  3856 | D:5      | Reached skill level 8 in Long Blades
  3874 | D:5      | Noticed Ijyb
  3885 | D:5      | Killed Ijyb
  4293 | D:5      | Reached XP level 7. HP: 45/51 MP: 10/10
  4435 | D:5      | Found Korin's Book Shop.
  4534 | D:5      | Found a basalt altar of Yredelemnul.
  4534 | D:5      | Found an iron altar of Okawaru.
  4534 | D:5      | Found a shimmering blue altar of Sif Muna.
  5193 | D:6      | Found a runed translucent door.
  5194 | D:6      | Found a shimmering altar of Xom.
  5194 | D:6      | Noticed Xavori's ghost (novice DjCK)
  5195 | D:6      | Noticed a +0 long sword of chaos
  5260 | D:4      | Bought an ivory scimitar for 198 gold pieces
  5260 | D:4      | Identified the +1 scimitar "Offohem" {heavy, Fly} (You
                  | bought it in a shop on level 4 of the Dungeon)
  5313 | D:6      | Reached skill level 9 in Long Blades
  5416 | D:6      | Reached * piety under Cheibriados
  5440 | D:6      | Noticed a yak
  5441 | D:6      | Noticed a yak
  5442 | D:6      | Noticed a yak
  5442 | D:6      | Noticed a yak
  5450 | D:6      | Noticed a yak
  5474 | D:6      | HP: 1/51 [bullfrog (6)]
  5476 | D:6      | Slain by a water moccasin

Illustrated notes

Levels and vault maps discovered:
D:1:      dpeg_arrival_three_bigger_balls, layout_basic, corexii_corridor_pit,
          nicolae_concentric_dashed_squares_wild, item_on_display_a
D:2:      layout_basic
D:3:      layout_rooms, nicolae_tso_besieged_by_evil, uniq_robin
D:4:      layout_rooms, minmay_temple_entry_waves, serial_shops,
          nicolae_diamond_shop
D:5:      layout_layer_cave, gammafunk_temple_overflow_claw, serial_shops,
          nicolae_shop_window_shopping, grunt_decor_clamped,
          minmay_strange_pillars, uniq_ijyb
D:6:      layout_rooms, lemuel_tele_altar, ebering_ghost_xom,
          uniq_crazy_yiuf_cottage
Temple:   minmay_temple_bridge_d

Skill      XL: |  1  2  3  4  5  6  7 |
---------------+----------------------+-----
Long Blades    | 3 4 5 6 7 8 9 |  9.5
Fighting       | |  2.4
Throwing       | |  1.0
Armour         | |  1.2
Dodging        | |  2.1
Spellcasting   | |  2.1
Translocations | |  3.2

Action                     |  1- 3 |  4- 6 |  7- 9 || total
---------------------------+-------+-------+-------++-------
  Melee: Falchion          |   134 |   209 |    14 ||   357
         Punch             |     1 |     2 |       ||     3
         Scimitar          |       |       |    19 ||    19
   Fire: Sling             |    22 |       |       ||    22
  Throw: Dart              |       |     7 |       ||     7
 Invoke: Bend Time         |       |       |     1 ||     1
Ability: Hop               |       |     1 |     1 ||     2
 Armour: Leather armour    |    62 |       |       ||    62
         Ring mail         |    55 |    96 |       ||   151
         Robe              |       |    51 |    53 ||   104
  Dodge: Dodged            |   113 |   143 |    46 ||   302

Table legend: (Time is in decaauts)
 A = Elapsed time spent in this place.
 B = Non-inter-level travel time spent in this place.
 C = Inter-level travel time spent in this place.
 D = Time resting spent in this place.
 E = Time spent auto-exploring this place.
 F = Levels seen in this place.
 G = Mean time per level.
                   A        B        C        D        E       F      G
               +--------+--------+--------+--------+--------+-----+--------+
         Total |   6916 |   6128 |    788 |    273 |   4606 |   7 |  988.0 |
       Dungeon |   6508 |   6066 |    442 |    273 |   4606 |   6 | 1084.7 |
        Temple |    407 |     62 |    345 |      0 |      0 |   1 |  407.0 |
               +--------+--------+--------+--------+--------+-----+--------+

Top non-repeatable levels by time:
     D:5: 2138 daAuts
     D:2: 1668 daAuts
     D:1: 938 daAuts
     D:4: 818 daAuts
     D:3: 678 daAuts
  Temple: 407 daAuts
     D:6: 265 daAuts
